 Dungeon Crawl Stone Soup version 0.23-b1-49-g13d5857 (webtiles) character file.

Game seed: 7696016976248438804

760 Kairos the Chopper (level 7, 0/55 HPs)
             Began as a Vine Stalker Fighter on Feb 3, 2019.
             Slain by a wyvern zombie (5 damage)
             ... on level 7 of the Dungeon.
             The game lasted 00:05:04 (1871 turns).

Kairos the Chopper (Vine Stalker Fighter)           Turns: 1871, Time: 00:05:04

Health: 0/55       AC: 23    Str: 20    XL:     7   Next: 80%
Magic:  0/8        EV:  2    Int: 13    God:
Gold:   143        SH: 10    Dex: 19    Spells: 6/6 levels left

rFire    . . .     SeeInvis .   a - +0 war axe
rCold    . . .     Gourm    .   c - +0 shield
rNeg     + + +     Faith    .   (armour currently unavailable)
rPois    +         Spirit   +   (helmet currently unavailable)
rElec    .         Reflect  .   (cloak currently unavailable)
rCorr    .         Harm     .   (gloves currently unavailable)
MR       .....     NoTele   +   (boots currently unavailable)
Stlth    +++.......             (no amulet)
HPRegen  0.58/turn              g - +1 ring of evasion
MPRegen  0.11/turn              q - +3 ring of slaying

@: brilliant, agile, tree-form, hasted, very quick
A: regeneration 1, magic shield, no potion heal 3, rot immunity
a: no special abilities


You were on level 7 of the Dungeon.
You were hungry.
You were a tree.
You visited 1 branch of the dungeon, and saw 5 of its levels.

You collected 143 gold pieces.

Inventory:

Hand Weapons
 a - a +0 war axe (weapon)
Missiles
 k - 5 needles of confusion
Armour
 b - a +0 scale mail (melded)
 c - a +0 shield (worn)
 d - a +1 cloak of invisibility (melded)
Jewellery
 g - a +1 ring of evasion (left branch)
 i - an uncursed ring of wizardry
 q - a +3 ring of slaying (right branch)
Scrolls
 o - a scroll of remove curse
 p - 3 scrolls of teleportation
 r - 2 scrolls of blinking {unknown}
 s - a scroll of magic mapping
 u - a scroll of noise {unknown}
 v - 3 scrolls of enchant weapon {unknown}
 w - a scroll of immolation {unknown}
 x - a scroll of fear {unknown}
Potions
 h - 2 potions of magic {unknown}
 j - 2 potions of lignification
 l - 3 potions of curing
 z - a potion of degeneration {unknown}
Comestibles
 f - 10 rations


   Skills:
 + Level 3.8 Fighting
 + Level 5.4 Axes
 + Level 3.9 Armour
 + Level 1.3 Dodging
 + Level 1.1 Stealth
 + Level 3.7 Shields
 + Level 0.2 Evocations


You had 6 spell levels left.
You didn't know any spells.
Your spell library was empty.

Dungeon Overview and Level Annotations

Branches:
Dungeon (4/15)
 Temple: D:4-7

Altars:
Cheibriados
Ru
Trog


Innate Abilities, Weirdness & Mutations

((You have extremely sharp teeth.))
Your natural rate of healing is unusually fast.
When hurt, damage is shared between your health and your magic reserves.
((Your bite disrupts and absorbs the magic of your enemies.))
Potions cannot restore your health.
You are immune to rotting.


Message History

* * * LOW HITPOINT WARNING * * *
The wyvern zombie bites you.
* * * LOW HITPOINT WARNING * * *
Unknown command.
You hit the wyvern zombie.
The wyvern zombie is almost destroyed.
The wyvern zombie bites you but does no damage.
It was a potion of haste.
You feel yourself speed up.
The wyvern zombie bites you but does no damage.
You block the wyvern zombie's attack.
You hit the wyvern zombie.
The wyvern zombie is almost destroyed.
The wyvern zombie bites you but does no damage.
You barely miss the wyvern zombie.
The wyvern zombie is almost destroyed.
The wyvern zombie bites you but does no damage.
You hit the wyvern zombie but do no damage.
The wyvern zombie is almost destroyed.
The wyvern zombie bites you.
You die...

#.... ##$...
......######
#..........#
#..........#
##........###
#....)(..()(#
#.........#†#########..
...........#YcSZ♣.......
.##.###################.
+. #


You could see an ice beast, a centaur, an adder and a wyvern zombie.

Vanquished Creatures
  2 ogres
  A centaur (D:7)
  A bullfrog (D:3)
  A scorpion (D:3)
  A howler monkey (D:7)
  A hound (D:7)
  An orc priest (D:4)
  Crazy Yiuf (D:2)
  Natasha (thrice) (D:2)
  4 adders (D:2)
  4 gnolls (D:3)
  An ooze (D:3)
  5 worms
  3 dart slugs
  3 leopard geckos
  5 orcs
  3 bats
  4 giant cockroaches
  14 goblins
  10 hobgoblins
  13 jackals
  6 kobolds
  A quokka (D:4)
  4 frilled lizards
  7 rats
99 creatures vanquished.

Notes
Turn   | Place    | Note
-------+----------+-------------------------------------------
     0 | D:1      | Kairos the Vine Stalker Fighter began the quest for the
                  | Orb.
     0 | D:1      | Reached XP level 1. HP: 11/11 MP: 2/2
    49 | D:1      | Reached XP level 2. HP: 11/16 MP: 3/3
   206 | D:1      | Reached skill level 2 in Axes
   334 | D:1      | Reached XP level 3. HP: 19/19 MP: 4/4
   695 | D:2      | Gained mutation: Your natural rate of healing is unusually
                  | fast. [Vine Stalker growth]
   695 | D:2      | Reached XP level 4. HP: 23/24 MP: 2/5
   730 | D:2      | Found a snail-covered altar of Cheibriados.
   772 | D:2      | Found a sacrificial altar of Ru.
   838 | D:2      | Noticed Natasha
   844 | D:2      | Killed Natasha
   854 | D:2      | Noticed Natasha
   857 | D:2      | Killed Natasha
   857 | D:2      | Reached skill level 3 in Axes
   857 | D:2      | Reached skill level 1 in Dodging
   857 | D:2      | Reached XP level 5. HP: 20/28 MP: 4/6
   923 | D:2      | Noticed Natasha
   930 | D:2      | Killed Natasha
   992 | D:2      | Found a runed translucent door.
   993 | D:2      | Noticed Crazy Yiuf
  1151 | D:2      | Killed Crazy Yiuf
  1324 | D:3      | Reached XP level 6. HP: 32/32 MP: 4/7
  1439 | D:3      | Reached skill level 4 in Axes
  1477 | D:3      | Reached skill level 1 in Stealth
  1706 | D:4      | Found a bloodstained altar of Trog.
  1727 | D:4      | Reached XP level 7. HP: 29/36 MP: 6/8
  1823 | D:4      | Reached skill level 5 in Axes
  1831 | D:4      | You fall through a shaft for 3 floors!
  1866 | D:7      | HP: 2/55 [wyvern zombie (3)]
  1871 | D:7      | Slain by a wyvern zombie

Skill      XL: |  1  2  3  4  5  6  7 |
---------------+----------------------+-----
Shields        | 3 |  3.7
Axes           | 2 3 4 5 |  5.4
Fighting       | 3 |  3.8
Armour         | 3 |  3.9
Dodging        | 1 |  1.3
Stealth        | 1 |  1.1
Evocations     | |  0.2

Action                   |  1- 3 |  4- 6 |  7- 9 || total
-------------------------+-------+-------+-------++-------
Melee: War axe           |    69 |   107 |    28 ||   204
       Bite              |    16 |    27 |     6 ||    49
 Abil: Evoke Invisibilit |       |     1 |       ||     1
  Use: Scroll            |     2 |     2 |       ||     4
       Potion            |       |     1 |     5 ||     6
 Stab: Invisible         |       |     2 |       ||     2
  Eat: Chunk             |       |     3 |       ||     3
Armor: Scale mail        |    27 |    26 |     4 ||    57
       Skin              |       |       |     9 ||     9
Dodge: Dodged            |    22 |    47 |    17 ||    86
Block: Shield            |    48 |    57 |    17 ||   122
